TOP OF THE 1ST |
Georgia Bulldogs batting - Pitching for Washington Huskies : RHP Nathan Davis
|
Pitching: RHP Nathan Davis
|
|
Batting: RHB Francisco Rodríguez
|
0-0: Called Strike 0-1: Ball 1-1: Swinging Strike 1-2: Ball 2-2: Foul Ball, location: 2F 2-2: Ball 3-2: Foul Ball, location: 2F 3-2: Base on Balls
|
Batting: RHB John Dyer
|
0-0: Ball 1-0: Ball 2-0: Fly out, F8 (Flyball, 89M)
|
Batting: RHB Nick Harris
|
0-0: Swinging Strike 0-1: Called Strike Francisco Rodríguez is caught stealing 2nd base 0-2: Ball 1-2: DOUBLE (Line Drive, 8LM)
|
Batting: RHB Félix Castro
|
0-0: Foul Ball, location: 2F 0-1: Ball 1-1: Foul Ball, location: 2F 1-2: Hit by Pitch
|
Batting: RHB Jeremiah Soto
|
0-0: Foul Ball, location: 2F 0-1: Swinging Strike 0-2: Foul Ball, location: 2F 0-2: Ball 1-2: Ball 2-2: Strikes out looking
|
Top of the 1st over - 0 run(s), 1 hit(s), 0 error(s), 2 left on base; Georgia 0 - Washington 0 |
BOTTOM OF THE 1ST |
Washington Huskies batting - Pitching for Georgia Bulldogs : RHP José Álvarez
|
Pitching: RHP José Álvarez
|
|
Batting: RHB Gunnar Bush
|
0-0: Ball 1-0: SINGLE (Line Drive, 56)
|
Batting: RHB Fernando Castellanos
|
0-0: Ball 1-0: Called Strike 1-1: Fly out, F9 (Flyball, 9S)
|
Batting: RHB Jacob Pope
|
0-0: Ball 1-0: DOUBLE (Groundball, 5L) Gunnar Bush to third
|
Batting: LHB Giraldo Jennings
|
0-0: Ball 1-0: Ball 2-0: Foul Ball, location: 2F 2-1: Ball 3-1: Base on Balls
|
Batting: RHB Manuel Hernández
|
0-0: Called Strike 0-1: Ball 1-1: SINGLE (Line Drive, 89S) Gunnar Bush scores Jacob Pope to third Giraldo Jennings to second Runner from 3rd tries for Home, SAFE, no throw or cutoff
|
Batting: RHB Roy Banks
|
0-0: Ball 1-0: Ball Passed Ball! Giraldo Jennings to third Manuel Hernández to second 2-0: Ball 3-0: Called Strike 3-1: Base on Balls
|
Batting: RHB Corey Bailey
|
0-0: Foul Ball, location: 2F 0-1: Fly out, F9 (Flyball, 89M)
|
Batting: RHB Frank Martínez
|
0-0: Ball 1-0: Called Strike 1-1: Ball 2-1: Fly out, F8 (Flyball, 8RXD)
|
Bottom of the 1st over - 2 run(s), 3 hit(s), 0 error(s), 3 left on base; Georgia 0 - Washington 2 |
TOP OF THE 2ND |
Georgia Bulldogs batting - Pitching for Washington Huskies : RHP Nathan Davis
|
Batting: LHB Dave Lee
|
0-0: Ball 1-0: SOLO HOME RUN (Flyball, 89XD), Distance : 370 ft
|
Batting: RHB Alex Whitehead
|
0-0: Called Strike 0-1: SINGLE (Groundball, 4M)
|
Batting: LHB Marv Alexander
|
0-0: Grounds out, U3 (Groundball, 3L)
|
Batting: RHB Dan Bailey
|
0-0: Ball 1-0: Called Strike 1-1: Fly out, F8 (Flyball, 8RM)
|
Batting: RHB Francisco Rodríguez
|
0-0: Called Strike 0-1: Ball 1-1: Called Strike 1-2: Strikes out swinging
|
Top of the 2nd over - 1 run(s), 2 hit(s), 0 error(s), 1 left on base; Georgia 1 - Washington 2 |
BOTTOM OF THE 2ND |
Washington Huskies batting - Pitching for Georgia Bulldogs : RHP José Álvarez
|
Batting: RHB Jim Williams
|
0-0: Ball 1-0: Ground out 5-3 (Groundball, 56)
|
Batting: RHB Gunnar Bush
|
0-0: Fly out, F7 (Flyball, 7M)
|
Batting: RHB Fernando Castellanos
|
0-0: Called Strike 0-1: Called Strike 0-2: Ball 1-2: Ground out 4-3 (Groundball, 13)
|
Bottom of the 2nd over - 0 run(s), 0 hit(s), 0 error(s), 0 left on base; Georgia 1 - Washington 2 |
TOP OF THE 3RD |
Georgia Bulldogs batting - Pitching for Washington Huskies : RHP Nathan Davis
|
Batting: RHB John Dyer
|
0-0: Called Strike 0-1: Fly out, F7 (Line Drive, 78M)
|
Batting: RHB Nick Harris
|
0-0: Ball 1-0: Ball 2-0: Called Strike 2-1: SINGLE (Line Drive, 78S)
|
Batting: RHB Félix Castro
|
0-0: Grounds into double play, 6-4-3 (Groundball, 6)
|
Top of the 3rd over - 0 run(s), 1 hit(s), 0 error(s), 0 left on base; Georgia 1 - Washington 2 |
BOTTOM OF THE 3RD |
Washington Huskies batting - Pitching for Georgia Bulldogs : RHP José Álvarez
|
Batting: RHB Jacob Pope
|
0-0: Called Strike 0-1: Fly out, F8 (Flyball, 8LS)
|
Batting: LHB Giraldo Jennings
|
0-0: Called Strike 0-1: Fly out, F8 (Line Drive, 8LM)
|
Batting: RHB Manuel Hernández
|
0-0: Foul Ball, location: 2F 0-1: Swinging Strike 0-2: Ball 1-2: Ball 2-2: Hit by Pitch
|
Batting: RHB Roy Banks
|
0-0: Foul Ball, location: 2F 0-1: Ball 1-1: Ball 2-1: Foul Ball, location: 2F 2-2: Ball 3-2: Foul Ball, location: 2F 3-2: Ground out 5-3 (Groundball, 5L)
|
Bottom of the 3rd over - 0 run(s), 0 hit(s), 0 error(s), 1 left on base; Georgia 1 - Washington 2 |
TOP OF THE 4TH |
Georgia Bulldogs batting - Pitching for Washington Huskies : RHP Nathan Davis
|
Batting: RHB Jeremiah Soto
|
0-0: Ball 1-0: Called Strike 1-1: Ground out 5-3 (Groundball, 5S)
|
Batting: LHB Dave Lee
|
0-0: Ball 1-0: SINGLE (Flyball, 8RS)
|
Batting: RHB Alex Whitehead
|
0-0: Called Strike 0-1: Ball 1-1: Fly out, F9 (Flyball, 9M)
|
Batting: LHB Marv Alexander
|
0-0: SINGLE (Groundball, 4MD) Dave Lee to second
|
Batting: RHB Dan Bailey
|
0-0: Ball 1-0: 3-RUN HOME RUN (Flyball, 8RXD), Distance : 408 ft
|
Batting: RHB Francisco Rodríguez
|
0-0: Called Strike 0-1: SINGLE (Line Drive, 6MD)
|
Batting: RHB John Dyer
|
0-0: Called Strike 0-1: Ball 1-1: Called Strike 1-2: Ball 2-2: Foul Ball, location: 2F 2-2: Ball 3-2: Foul Ball, location: 2F 3-2: Base on Balls Francisco Rodríguez to second
|
Batting: RHB Nick Harris
|
0-0: Ball 1-0: Foul Ball, location: 2F 1-1: Fly out, F4 (Popup, 4M)
|
Top of the 4th over - 3 run(s), 4 hit(s), 0 error(s), 2 left on base; Georgia 4 - Washington 2 |
BOTTOM OF THE 4TH |
Washington Huskies batting - Pitching for Georgia Bulldogs : RHP José Álvarez
|
Batting: RHB Corey Bailey
|
0-0: Called Strike 0-1: Swinging Strike 0-2: Ball 1-2: Ball 2-2: Strikes out looking
|
Batting: RHB Frank Martínez
|
0-0: Fly out, F3 (Popup, 3)
|
Batting: RHB Jim Williams
|
0-0: Called Strike 0-1: Fly out, F6 (Popup, 6)
|
Bottom of the 4th over - 0 run(s), 0 hit(s), 0 error(s), 0 left on base; Georgia 4 - Washington 2 |
TOP OF THE 5TH |
Georgia Bulldogs batting - Pitching for Washington Huskies : RHP Nathan Davis
|
Batting: RHB Félix Castro
|
0-0: Called Strike 0-1: Swinging Strike 0-2: Ball 1-2: Ball 2-2: Strikes out swinging
|
Batting: RHB Jeremiah Soto
|
0-0: Ball 1-0: Foul Ball, location: 2F 1-1: Fly out, F9 (Flyball, 9LMF)
|
Batting: LHB Dave Lee
|
0-0: Fly out, F7 (Flyball, 78M)
|
Top of the 5th over - 0 run(s), 0 hit(s), 0 error(s), 0 left on base; Georgia 4 - Washington 2 |
BOTTOM OF THE 5TH |
Washington Huskies batting - Pitching for Georgia Bulldogs : RHP José Álvarez
|
Batting: RHB Gunnar Bush
|
0-0: Ball 1-0: Ball 2-0: SINGLE (Line Drive, 9LS)
|
Batting: RHB Fernando Castellanos
|
0-0: Ball 1-0: Ball Gunnar Bush steals 2nd base 2-0: Ground out 5-3 (Groundball, 5S) Gunnar Bush to third
|
Batting: RHB Jacob Pope
|
0-0: Ball 1-0: Ball 2-0: Ball 3-0: Called Strike 3-1: Base on Balls
|
Batting: LHB Giraldo Jennings
|
0-0: Ball 1-0: Foul Ball, location: 2F 1-1: Fly out, F7 (Flyball, 78M) Runner from 3rd tags up, SCORES, no throw
|
Batting: RHB Manuel Hernández
|
0-0: Ball Jacob Pope is caught stealing 2nd base
|
Bottom of the 5th over - 1 run(s), 1 hit(s), 0 error(s), 0 left on base; Georgia 4 - Washington 3 |
TOP OF THE 6TH |
Georgia Bulldogs batting - Pitching for Washington Huskies : RHP Nathan Davis
|
Batting: RHB Alex Whitehead
|
0-0: Ball 1-0: Foul Ball, location: 2F 1-1: Bunted foul 1-2: Ball 2-2: Foul Ball, location: 2F 2-2: Foul Ball, location: 2F 2-2: Ball 3-2: Base on Balls
|
Pitching: RHP Dave Woods
|
|
Batting: LHB Marv Alexander
|
0-0: Ball 1-0: Ball 2-0: Called Strike 2-1: Foul Ball, location: 2F 2-2: Strikes out swinging
|
Batting: RHB Dan Bailey
|
0-0: Swinging Strike 0-1: Ball 1-1: Fly out, F4 (Popup, 4)
|
Batting: RHB Francisco Rodríguez
|
0-0: Foul Ball, location: 2F 0-1: Called Strike 0-2: Foul Ball, location: 2F 0-2: Strikes out looking
|
Top of the 6th over - 0 run(s), 0 hit(s), 0 error(s), 1 left on base; Georgia 4 - Washington 3 |
BOTTOM OF THE 6TH |
Washington Huskies batting - Pitching for Georgia Bulldogs : RHP José Álvarez
|
Batting: RHB Manuel Hernández
|
0-0: Called Strike 0-1: Foul Ball, location: 2F 0-2: DOUBLE (Line Drive, 78D)
|
Batting: RHB Roy Banks
|
0-0: 2-RUN HOME RUN (Flyball, 8LXD), Distance : 394 ft
|
Batting: RHB Corey Bailey
|
0-0: Foul Ball, location: 2F 0-1: Ball 1-1: Reached on error, E6 (Groundball, 6M)
|
Batting: RHB Frank Martínez
|
0-0: Ground out 2-3 (Groundball, 25) Corey Bailey to second
|
Pitching: RHP Salvador Pérez
|
|
Batting: RHB Jim Williams
|
0-0: SINGLE (Flyball, 8RS) Corey Bailey to third
|
Batting: RHB Gunnar Bush
|
0-0: Ball 1-0: Called Strike 1-1: Foul Ball, location: 2F 1-2: Ground out 5-3 (Groundball, 5S) Corey Bailey scores Jim Williams to second
|
Batting: RHB Fernando Castellanos
|
0-0: Called Strike 0-1: Ball 1-1: Fly out, F4 (Line Drive, 4)
|
Bottom of the 6th over - 3 run(s), 3 hit(s), 1 error(s), 1 left on base; Georgia 4 - Washington 6 |
TOP OF THE 7TH |
Georgia Bulldogs batting - Pitching for Washington Huskies : RHP Dave Woods
|
Batting: RHB John Dyer
|
0-0: Ball 1-0: Swinging Strike 1-1: Foul Ball, location: 2F 1-2: Ball 2-2: Fly out, F6 (Line Drive, 6)
|
Batting: RHB Nick Harris
|
0-0: Called Strike 0-1: Ball 1-1: SINGLE (Groundball, 5D)
|
Batting: RHB Félix Castro
|
0-0: Ball 1-0: Ball Nick Harris steals 2nd base 2-0: Called Strike 2-1: Ball 3-1: Called Strike 3-2: Foul Ball, location: 2F 3-2: Strikes out looking
|
Batting: RHB Jeremiah Soto
|
0-0: Ball 1-0: Called Strike 1-1: Ball 2-1: Foul Ball, location: 2F 2-2: Strikes out swinging
|
Top of the 7th over - 0 run(s), 1 hit(s), 0 error(s), 1 left on base; Georgia 4 - Washington 6 |
BOTTOM OF THE 7TH |
Washington Huskies batting - Pitching for Georgia Bulldogs : RHP Salvador Pérez
|
Batting: RHB Jacob Pope
|
0-0: Called Strike 0-1: Ball 1-1: Fly out, F3 (Popup, 23F)
|
Batting: LHB Giraldo Jennings
|
0-0: Called Strike 0-1: Ground out 4-3 (Groundball, 4)
|
Batting: RHB Manuel Hernández
|
0-0: Ball 1-0: Ball 2-0: Fly out, F6 (Popup, 6S)
|
Bottom of the 7th over - 0 run(s), 0 hit(s), 0 error(s), 0 left on base; Georgia 4 - Washington 6 |
TOP OF THE 8TH |
Georgia Bulldogs batting - Pitching for Washington Huskies : RHP Dave Woods
|
Pitching: RHP Jeffrey Córdova
|
|
Now in RF: Rafael Hernández
|
|
Batting: LHB Dave Lee
|
0-0: Ball 1-0: Ball 2-0: Ball 3-0: Called Strike 3-1: Foul Ball, location: 2F 3-2: Base on Balls
|
Pitching: RHP Ken Carter
|
|
Batting: RHB Alex Whitehead
|
0-0: Called Strike 0-1: Called Strike 0-2: Strikes out swinging
|
Pitching: LHP Luis Martínez
|
|
Batting: LHB Marv Alexander
|
0-0: Ball 1-0: Swinging Strike 1-1: Ball 2-1: Foul Ball, location: 2F 2-2: Ball 3-2: Base on Balls Dave Lee to second
|
Pitching: RHP Albert Vaughan
|
|
Batting: RHB Dan Bailey
|
0-0: Ball Wild Pitch! Dave Lee to third Marv Alexander to second 1-0: Ball 2-0: Ball 3-0: Called Strike 3-1: Base on Balls
|
Batting: RHB Francisco Rodríguez
|
0-0: Called Strike 0-1: Swinging Strike 0-2: SINGLE (Groundball, 4MD) Dave Lee scores Marv Alexander to third Dan Bailey to second
|
Batting: RHB John Dyer
|
0-0: Ball 1-0: Called Strike 1-1: Foul Ball, location: 2F 1-2: Strikes out swinging
|
Batting: RHB Nick Harris
|
0-0: Called Strike 0-1: Ball 1-1: Ball 2-1: Ball 3-1: Base on Balls Marv Alexander scores Dan Bailey to third Francisco Rodríguez to second
|
Batting: RHB Félix Castro
|
0-0: Ball Wild Pitch! Dan Bailey scores Francisco Rodríguez to third Nick Harris to second 1-0: Called Strike 1-1: Ball 2-1: Foul Ball, location: 2F 2-2: Ball 3-2: SINGLE (Groundball, 15S) (infield hit) Francisco Rodríguez scores Nick Harris to third
|
Batting: RHB Jeremiah Soto
|
0-0: Called Strike 0-1: 3-RUN HOME RUN (Line Drive, 89XD), Distance : 386 ft
|
Batting: LHB Dave Lee
|
0-0: Ball 1-0: Ball 2-0: Called Strike 2-1: Foul Ball, location: 2F
|
|
|
|
2-2: Ball 3-2: Fly out, F7 (Line Drive, 78D)
|
Top of the 8th over - 7 run(s), 3 hit(s), 0 error(s), 0 left on base; Georgia 11 - Washington 6 |
BOTTOM OF THE 8TH |
Washington Huskies batting - Pitching for Georgia Bulldogs : RHP Salvador Pérez
|
Now in CF: Mike White
|
|
Batting: RHB Roy Banks
|
0-0: Bunt for hit - play at first, batter OUT! 1-3
|
Pitching: RHP Rafael Castillo
|
|
Batting: RHB Corey Bailey
|
0-0: Called Strike 0-1: Swinging Strike 0-2: Fly out, F8 (Flyball, 8LM)
|
Batting: RHB Frank Martínez
|
0-0: Ball 1-0: Swinging Strike 1-1: Swinging Strike 1-2: Fly out, F3 (Popup, 3SF)
|
Bottom of the 8th over - 0 run(s), 0 hit(s), 0 error(s), 0 left on base; Georgia 11 - Washington 6 |
BOTTOM OF THE 9TH |
Washington Huskies batting - Pitching for Georgia Bulldogs : RHP Rafael Castillo
|
Batting: RHB Jim Williams
|
0-0: Ball 1-0: Foul Ball, location: 2F 1-1: Called Strike 1-2: Ball 2-2: Ball 3-2: Fly out, F7 (Flyball, 7M)
|
Batting: RHB Gunnar Bush
|
0-0: Called Strike 0-1: Foul Ball, location: 2F 0-2: Ball 1-2: Strikes out swinging
|
Batting: RHB Fernando Castellanos
|
0-0: Foul Ball, location: 2F 0-1: Swinging Strike 0-2: Ball 1-2: Ball 2-2: Ball 3-2: Base on Balls
|
Batting: RHB Jacob Pope
|
0-0: Called Strike 0-1: Foul Ball, location: 2F 0-2: Ball 1-2: Ground out U3 (Groundball, 3)
|
Bottom of the 9th over - 0 run(s), 0 hit(s), 0 error(s), 1 left on base; Georgia 13 - Washington 6 |
|
|